Map: Blackpink LE

Players

ELTONJOHNLVR

  • Race: Protoss Protoss
  • League: Platinum
  • Spawn Location: 7:00

JaySlays

  • Race: Protoss Protoss
  • Spawn Location: 1:00

Bilderbush

  • Race: Terran Terran
  • League: Gold

Wolf

  • Race: Terran Terran
  • League: Diamond

VOD

Have the link to the VOD?

Description

Time

  • Played on: April 15, 2018, 7:09 p.m.
  • Length: 11:49
Show
View Real Time Build Order
Export as new Build Order

ELTONJOHNLVR Protoss 

Build Orders: 1 Gate Expand 

Get SALT Encoding   

  12  0:00  Probe  
  13  0:12  Probe  
  14  0:19  Pylon  
  14  0:25  Probe  
  15  0:37  Probe  
  15  0:38  Gateway  
  16  0:44  Assimilator  
  16  0:49  Probe  
  17  1:01  Probe  
  18  1:11  Probe  
  19  1:19  Probe  
  20  1:27  Probe  
  21  1:36  Nexus  
  21  1:39  Probe  
  22  1:43  Pylon  
  22  1:53  Cybernetics Core  
  22  1:57  Probe  
  23  2:02  Assimilator  
  23  2:07  Probe  
  23  2:15  Probe  
  23  2:20  Stalker  
  23  2:22  Warp Gate  
  26  2:38  Probe  
  27  2:49  Stalker  
  28  2:52  Probe  
  28  2:53  Probe  
  30  3:06  Probe  
  30  3:07  Probe  
  30  3:12  Gateway  
  32  3:16  Gateway  
  32  3:21  Probe x2  
  32  3:25  Robotics Facility  
  34  3:33  Probe  
  35  3:35  Probe  
  35  3:40  Assimilator  
  36  3:42  Assimilator  
  36  3:44  Probe  
  36  3:46  Probe  
  38  3:52  Pylon, Probe  
  38  3:54  Probe  
  40  4:06  Probe  
  40  4:10  Probe  
  40  4:14  Probe  
  40  4:16  Immortal  
  46  4:22  Probe  
  48  4:30  Pylon  
  48  4:31  Probe, Stalker x2  
  51  4:32  Pylon  
  51  4:34  Probe  
  54  4:48  Stalker  
  54  4:52  Immortal  
  56  4:57  Probe x2  
  57  5:00  Stalker  
  57  5:01  Stalker  
  65  5:12  Gateway  
  65  5:14  Gateway  
  65  5:20  Probe, Gateway  
  66  5:22  Probe  
  67  5:33  Robotics Facility  
  67  5:45  Stalker  
  67  5:47  Probe  
  70  6:17  Pylon  
  70  6:19  Pylon  
  70  6:22  Pylon  
  70  6:24  Pylon  
  70  6:25  Immortal  
  70  6:32  Immortal  
  70  6:35  Stalker  
  70  6:36  Stalker  
  70  6:37  Stalker x3  
  70  6:38  Stalker  
  90  6:52  Probe  
  91  7:04  Immortal  
  91  7:06  Forge, Stalker  
  91  7:07  Stalker x2  
  101  7:09  Forge  
  101  7:19  Pylon x2  
  101  7:20  Pylon  
  101  7:34  Stalker  
  101  7:36  Stalker  
  101  7:37  Immortal  
  101  7:38  Stalker  
  101  7:39  Stalker  
  101  7:40  Stalker  
  101  7:46  Observer  
  102  7:55  Pylon  
  102  7:58  Pylon x2  
  102  8:00  Stalker x2  
  106  8:06  Immortal  
  106  8:12  Immortal  
  106  8:18  Protoss Ground Weapons Level 1  
  106  8:19  Probe  
  111  8:26  Stalker, Protoss Ground Armor Level 1  
  117  8:27  Stalker  
  119  8:50  Stalker  
  119  8:51  Stalker x2  
  125  9:14  Stalker x3  
  131  9:31  Immortal x2  
  137  9:46  Robotics Bay  
  137  9:51  Stalker  
  137  9:52  Stalker  
  141  9:53  Stalker x2  
  141  9:54  Stalker  
  101  10:27  Colossus  
  105  10:29  Colossus  
  109  10:47  Stalker x2  
  109  10:48  Stalker x2  
  117  10:50  Stalker  
  117  10:53  Stalker  
  84  11:29  Stalker  
  84  11:30  Stalker x4  
  84  11:31  Stalker  
Show
View Real Time Build Order
Export as new Build Order

JaySlays Protoss 

Build Orders:  

Get SALT Encoding   

  12  0:01  SCV  
  13  0:13  SCV  
  14  0:19  Supply Depot  
  14  0:26  SCV  
  15  0:40  SCV  
  16  0:43  Barracks  
  16  0:53  SCV  
  16  0:54  Refinery  
  17  1:05  SCV  
  18  1:17  SCV  
  19  1:35  Orbital Command  
  19  1:39  Reaper  
  20  1:55  Command Center  
  20  2:02  SCV  
  21  2:11  Supply Depot  
  21  2:18  Factory  
  21  2:20  SCV  
  22  2:28  Barracks Tech Lab  
  22  2:33  SCV  
  23  2:38  Refinery  
  23  2:48  Marine  
  23  2:49  Barracks  
  24  2:54  SCV  
  25  3:08  Factory Tech Lab  
  25  3:17  Marine  
  26  3:20  SCV  
  26  3:22  Orbital Command  
  27  3:30  Starport  
  27  3:31  Siege Tank  
  30  3:35  Marine  
  30  3:38  Barracks Reactor  
  31  3:42  SCV  
  32  3:49  Engineering Bay  
  32  3:50  SCV  
  32  3:53  Marine  
  32  3:54  SCV  
  35  4:01  Stimpack  
  35  4:03  SCV  
  35  4:06  SCV  
  35  4:09  Starport Reactor  
  37  4:11  Marine  
  38  4:17  Barracks  
  38  4:18  Marine x2  
  38  4:22  SCV x2  
  42  4:28  Marine  
  42  4:31  Siege Tank  
  46  4:49  Supply Depot x2  
  46  5:08  Barracks Reactor  
  46  5:10  Medivac  
  46  5:11  SCV x2  
  50  5:20  Marauder  
  49  5:23  SCV x2  
  49  5:25  Marine  
  49  5:26  Marine  
  53  5:32  Barracks  
  53  5:34  Barracks  
  53  5:35  SCV x2  
  55  5:38  Refinery  
  55  5:40  Refinery  
  55  5:41  Marauder  
  57  5:43  Marine x2  
  57  5:47  SCV x2  
  61  5:54  Marine  
  61  5:55  Supply Depot x2  
  62  6:02  Marine x3, Medivac, Siege Tank  
  70  6:09  Supply Depot  
  70  6:17  SCV x2  
  70  6:18  Marauder  
  74  6:20  Combat Shields  
  74  6:24  Marine x5  
  74  6:25  Command Center  
  79  6:29  Supply Depot  
  79  6:30  SCV  
  81  6:32  SCV  
  81  6:39  Marauder  
  83  6:42  Medivac, SCV  
  83  6:45  Barracks Tech Lab  
  86  6:47  Barracks Tech Lab  
  86  6:51  SCV  
  86  6:54  SCV  
  88  7:00  Marauder  
  90  7:03  SCV  
  90  7:05  Terran Infantry Weapons Level 1  
  90  7:06  SCV  
  90  7:08  Marauder  
  94  7:14  Marauder  
  96  7:22  Marine x4, Marauder  
  100  7:29  Supply Depot  
  102  7:33  Marauder  
  102  7:35  Marauder  
  102  7:36  SCV  
  108  7:37  SCV x2  
  108  7:40  Marine x3  
  108  7:41  Siege Tank  
  108  7:43  Marauder  
  116  7:46  Concussive Shells  
  116  7:57  Orbital Command  
  115  8:03  Medivac x2  
  115  8:04  Marine  
  120  8:06  Marine x2, Marauder x2  
  116  8:13  Siege Tank  
  116  8:17  Marine, Marauder  
  122  8:22  Marine  
  122  8:23  Supply Depot  
  122  8:24  Marine x2  
  125  8:27  Marauder  
  125  8:28  Marine  
  128  8:35  Marine  
  128  8:37  SCV  
  128  8:38  SCV, Marauder, Engineering Bay  
  133  8:45  Medivac x2, Siege Tank  
  133  8:48  Supply Depot  
  140  9:00  Marine, Terran Infantry Armor Level 1  
  141  9:07  Marine  
  141  9:09  Marine  
  148  9:10  Marauder x3  
  148  9:15  SCV x2  
  144  9:18  Siege Tank  
  147  9:25  Marine x2  
  147  9:26  Armory  
  149  9:45  Supply Depot  
  149  9:46  Marine x3, Marauder x2  
  149  9:47  Supply Depot, Marauder  
  149  9:48  Supply Depot  
  149  9:49  Medivac  
  149  9:50  Siege Tank  
  163  9:56  Refinery  
  163  10:00  Refinery  
  163  10:01  SCV x2  
  163  10:03  SCV  
  163  10:06  Marine x4  
  168  10:08  Marauder x2  
  168  10:09  Marauder  
  163  10:24  Marine x3  
  166  10:28  Marine  
  166  10:29  Marauder x2  
  166  10:30  Marauder  
  166  10:32  Medivac x2  
  177  10:42  Marine x3  
  180  10:46  Marine  
  181  10:50  Siege Tank, Marauder x2  
  181  10:51  Marine  
  189  10:59  Supply Depot  
  189  11:01  Supply Depot  
  189  11:15  Marine  
  189  11:16  Marine  
  189  11:17  Marine x3  
  189  11:19  Marauder  
  189  11:21  Marauder  
  183  11:38  Command Center  
  183  11:39  Factory  
Show
View Real Time Build Order
Export as new Build Order

Bilderbush Terran 

Build Orders:  

Get SALT Encoding   

Show
View Real Time Build Order
Export as new Build Order

Wolf Terran 

Build Orders:  

Get SALT Encoding   

Tags
 
Add a new tag
Caveats
  • Supply blocks, unpowered buildings, or Contaminate may cause inaccurate times.
  • Supply counts are checked every 10 seconds.